AoeStats
← kkkg

Arena

506628611Analyzed
4v4 RM · 18d ago on Sep 14, 2026· 46m 24s· 8 players
Game mode
Random Map
Map size
Large (8 player)
Population
200
Speed
Normal
Resources
Standard
Victory
Conquest
Starting age
Dark Age
Ending age
Imperial Age
RankedLock teamsTeams togetherTeam positionsShared explorationLock speedFull tech treeHidden civsTurbo modeCheats
Victory
Defeat
🇨🇳 Japanese · China
1114
+16
1094
+16
🇬🇧 Slavs · United Kingdom
1037
+19
🇨🇳 Burgundians · China
978
+21
🇨🇳 Spanish · China
1186
-21
🇨🇳 Portuguese · China
1085
-17
1067
-17
🇨🇳 Sicilians · China
1063
-17
我不是蓝精灵
10:43 Feudal Age
14:32 Castle Age
12:25 Double-Bit Axe
12:48 Horse Collar
14:27 Wheelbarrow
15:58 Bow Saw
16:00 Heavy Plow
16:52 Loom
20:13 Town Watch
22:07 Hand Cart
22:50 Gold Mining
25:07 Gold Shaft Mining
28:54 Imperial Age
26:52 Forging
26:48 Scale Barding Armor
28:30 Iron Casting
28:13 Bloodlines
28:04 Husbandry
28:41 Chain Barding Armor
28:57 Cavalier
29:47 Hauberk
30:05 Conscription
29:58 Stone Mining
31:10 Blast Furnace
30:51 Plate Barding Armor
30:59 Crop Rotation
30:43 Caravan
31:26 Scale Mail Armor
31:17 Fletching
31:35 Murder Holes
31:54 Masonry
33:34 Light Cavalry
35:14 Hoardings
35:38 Coinage
35:18 Guilds
35:57 Chain Mail Armor
35:38 Bodkin Arrow
35:47 Squires
35:33 Arson
35:08 Pikeman
36:39 Banking
37:31 Plate Mail Armor
37:02 Bracer
37:04 Padded Archer Armor
37:13 Siege Engineers
38:10 Chemistry
37:51 Devotion
37:47 Herbal Medicine
39:05 Elite Serjeant
39:22 Sappers
40:40 Leather Archer Armor
40:52 Ballistics
40:17 Arrowslits
40:59 Faith
40:02 Halberdier
41:55 Onager
45:11 Siege Onager
47:04 Stone Shaft Mining
从不压堡之人
11:10 Feudal Age
14:56 Castle Age
13:19 Double-Bit Axe
13:45 Horse Collar
14:50 Town Watch
15:56 Bow Saw
19:05 Town Watch
22:16 Loom
23:08 Wheelbarrow
26:19 Hand Cart
29:59 Imperial Age
28:31 Caravan
29:54 Sanctity
29:45 Fervor
30:12 Town Patrol
30:26 Husbandry
30:36 Bloodlines
30:27 Gold Mining
30:28 Stone Mining
31:44 Two-Man Saw
31:35 Redemption
31:40 Block Printing
32:01 Theocracy
31:51 Illumination
31:41 Guilds
32:21 Illumination
32:52 Fletching
33:16 Elite Conquistador
34:54 Bodkin Arrow
35:19 Ballistics
36:00 Chemistry
35:40 Stone Shaft Mining
37:25 Bracer
37:30 Scale Barding Armor
37:14 Arrowslits
37:20 Guard Tower
38:28 Supremacy
38:29 Conscription
40:49 Keep
40:09 Murder Holes
40:49 Keep
40:24 Masonry
40:25 Fortified Wall
42:03 Architecture
44:35 Bombard Tower
45:20 Bombard Tower
夜语夕言守赢了
5:30 Loom
11:50 Feudal Age
15:28 Castle Age
13:45 Double-Bit Axe
14:05 Horse Collar
19:25 Bow Saw
19:26 Heavy Plow
22:29 Wheelbarrow
21:51 Gold Mining
27:36 Imperial Age
25:48 Gold Shaft Mining
25:18 Elite Skirmisher
25:59 Murder Holes
25:45 Treadmill Crane
26:35 Stone Mining
26:59 Thumb Ring
26:14 Crossbowman
27:09 Padded Archer Armor
27:00 Fletching
27:51 Stone Shaft Mining
28:10 Bodkin Arrow
28:31 Leather Archer Armor
28:39 Ballistics
29:27 Chemistry
28:37 Arbalester
29:58 Ballistics
31:08 Two-Man Saw
30:45 Caravan
31:54 Hand Cart
32:03 Bracer
32:33 Ring Archer Armor
32:32 Scale Mail Armor
32:43 Forging
33:35 Crop Rotation
33:25 Fortified Wall
34:19 Conscription
37:02 Chain Mail Armor
37:23 Iron Casting
38:11 Hoardings
37:46 Capped Ram
39:14 Pikeman
39:55 Squires
39:40 Arson
40:27 Plate Mail Armor
39:59 Arrowslits
40:35 Bombard Tower
41:03 Logistica
40:14 Elite Cataphract
41:13 Scale Barding Armor
42:34 Chain Barding Armor
42:18 Husbandry
45:02 Plate Barding Armor
四月
10:05 Feudal Age
13:37 Castle Age
11:49 Double-Bit Axe
12:01 Horse Collar
19:56 Wheelbarrow
23:21 Bow Saw
24:31 Hand Cart
28:44 Imperial Age
26:32 Gold Mining
26:33 Stone Mining
26:46 Loom
26:54 Treadmill Crane
28:06 Scale Mail Armor
28:47 Stone Shaft Mining
28:32 Heavy Plow
28:07 Pikeman
28:59 Forging
29:04 Chain Mail Armor
29:47 Conscription
28:48 Elite Organ Gun
29:06 Halberdier
31:06 Chemistry
30:44 Siege Engineers
31:11 Plate Mail Armor
31:04 Ballistics
31:46 Arquebus
32:28 Iron Casting
32:17 Masonry
32:03 Murder Holes
32:38 Town Watch
32:57 Caravan
33:27 Coinage
32:57 Caravan
33:27 Coinage
32:57 Caravan
33:34 Bombard Tower
34:40 Blast Furnace
34:12 Architecture
34:17 Fletching
35:10 Banking
35:55 Two-Man Saw
35:29 Crop Rotation
35:29 Guilds
35:26 Bodkin Arrow
35:17 Capped Ram
36:00 Bracer
36:57 Sanctity
36:52 Block Printing
37:47 Fortified Wall
40:26 Sappers
44:58 Circumnavigation
45:01 Padded Archer Armor
AgEnT10101
0:28 Loom
10:44 Feudal Age
16:21 Castle Age
14:28 Double-Bit Axe
15:12 Horse Collar
21:43 Wheelbarrow
22:47 Bow Saw
23:37 Hand Cart
24:05 Heavy Plow
29:58 Imperial Age
27:38 Stone Mining
27:39 Gold Mining
29:39 Gold Shaft Mining
29:42 Scale Mail Armor
29:53 Forging
30:17 Ballistics
32:18 Two-Man Saw
31:50 Crop Rotation
31:13 Pikeman
31:53 Squires
32:39 Chain Mail Armor
32:59 Iron Casting
32:28 Druzhina
32:49 Conscription
32:13 Halberdier
32:42 Heavy Scorpion
34:43 Plate Mail Armor
34:53 Onager
37:10 Blast Furnace
36:42 Man-at-Arms
37:44 Long Swordsman
39:37 Capped Ram
40:24 Two-Handed Swordsman
41:45 Siege Onager
43:56 Siege Engineers
44:52 Chemistry
43:14 Champion
这是我的弟弟约翰
11:12 Feudal Age
17:18 Castle Age
15:59 Horse Collar
16:06 Double-Bit Axe
19:01 Stone Mining
19:01 Gold Mining
19:23 Heavy Plow
20:32 Gold Mining
23:48 Squires
25:56 Wheelbarrow
29:42 Imperial Age
27:25 Town Watch
29:13 Forging
29:24 Hand Cart
31:29 Chemistry
30:11 Pikeman
32:04 Ballistics
32:40 Crenellations
31:54 Elite Teutonic Knight
32:50 Fletching
33:25 Conscription
34:16 Bodkin Arrow
33:52 Elite Skirmisher
38:08 Heavy Scorpion
38:48 Elite Skirmisher
43:38 Iron Casting
43:04 Scale Mail Armor
Doodo
8:20 Loom
10:06 Feudal Age
14:27 Castle Age
12:49 Double-Bit Axe
14:40 Horse Collar
19:38 Bow Saw
28:35 Imperial Age
27:04 Gold Mining
28:20 Gold Shaft Mining
27:57 Fletching
29:11 Scale Mail Armor
31:58 Chain Mail Armor
32:17 Forging
34:38 Iron Casting
34:33 Plate Mail Armor
36:36 Ballistics
36:12 Murder Holes
39:47 Blast Furnace
39:11 Elite Samurai
40:13 Conscription
kkkg
3:45 Double-Bit Axe
11:25 Horse Collar
13:36 Feudal Age
14:59 Bow Saw
15:57 Heavy Plow
19:01 Castle Age
21:29 Two-Man Saw
21:02 Crop Rotation
23:37 Gold Mining
23:39 Stone Mining
24:45 Wheelbarrow
25:08 Wheelbarrow
26:29 Husbandry
25:57 Cavalier
26:48 Scale Barding Armor
26:58 Forging
31:12 Imperial Age
30:15 Treadmill Crane
32:21 Chain Barding Armor
32:37 Iron Casting
31:53 Fletching
32:03 Padded Archer Armor
32:41 Hand Cart
32:12 Loom
32:13 Town Watch
32:15 Paladin
34:18 Plate Barding Armor
33:40 Fletching
35:18 Blast Furnace
35:04 Conscription
35:25 Elite Skirmisher
36:32 Light Cavalry
37:38 Hussar
39:43 Chemistry
39:04 Ballistics
39:19 Bodkin Arrow
39:40 Leather Archer Armor
42:48 Bracer
Connection lost

Rejoining the realm…

Still unreachable

The connection could not be restored.

Session expired

The server has moved on; the page needs a fresh start.